 Dungeon Crawl Stone Soup version 0.24.0-37-gcf1ca852f1 (webtiles) character file.

Game seed: 3868922682768509644, levelgen mode: deterministic

22271 lilbarb the Peltast (level 12, -16/92 HPs)
             Began as a Minotaur Fighter on Nov 22, 2019.
             Was a High Priest of Okawaru.
             Killed from afar by an ice statue (29 damage)
             ... with a bolt of cold
             ... in an ice cave.
             The game lasted 00:35:21 (12875 turns).

lilbarb the Peltast (Minotaur Fighter)             Turns: 12875, Time: 00:35:22

Health: -16/92     AC: 12    Str: 25    XL:     12   Next: 61%
Magic:  0/27       EV:  7    Int:  2    God:    Okawaru [*****.]
Gold:   1049       SH: 15    Dex: 15    Spells: 11/11 levels left

rFire    + . .     SeeInvis .   a - +3 trident (elec)
rCold    . . .     Gourm    .   x - +1 shield
rNeg     . . .     Faith    .   P - +1 plate armour {rF+}
rPois    +         Spirit   +   R - +0 hat {MR+}
rElec    .         Reflect  .   K - scarf {repulsion}
rCorr    .         Harm     .   (no gloves)
MR       ++...                  (no boots)
Stlth    ..........             w - amulet of Noon {Spirit MR+ Int-3 Slay+5}
HPRegen  0.25/turn              e - +4 ring of dexterity
MPRegen  0.20/turn              T - ring of Owomodan {rPois MP+9}

@: studying Shields, repel missiles
A: retaliatory headbutt, horns 2
a: Heroism, Finesse, Renounce Religion


You were in an ice cave.
You worshipped Okawaru.
Okawaru was extremely pleased with you.
You were not hungry.

You visited 3 branches of the dungeon, and saw 15 of its levels.
You also visited: Sewer, Ice Cave and Volcano.

You collected 1049 gold pieces.

Inventory:

Hand Weapons
 a - a +3 trident of electrocution (weapon)
 b - a +0 hunting sling
 d - a +7 scythe of venom
Missiles
 c - 7 silver javelins
 i - 483 stones
 l - 43 poisoned darts (quivered)
 v - 4 throwing nets
Armour
 s - a +2 scale mail of magic resistance
 x - a +1 shield (worn)
 K - a scarf of repulsion (worn)
 P - a +1 plate armour of fire resistance (worn)
 R - a +0 hat of magic resistance (worn)
Jewellery
 e - a +4 ring of dexterity (left hand)
 w - the amulet of Noon (around neck) {Spirit MR+ Int-3 Slay+5}
   (You found it on level 5 of the Dungeon)

   [amulet of guardian spirit]

   It causes incoming damage to be split between your health and magic.
   It affects your intelligence (-3).
   It affects your accuracy and damage with ranged weapons and melee attacks
   (+5).
   It affects your resistance to hostile enchantments.
 A - an uncursed ring of protection from fire
 Q - an uncursed ring of flight
 T - the ring of Owomodan (right hand) {rPois MP+9}
   (You found it on level 2 of the Lair of Beasts)

   [ring of magical power]

   It protects you from poison.
   It affects your magic capacity (+9).
Wands
 r - a wand of enslavement (12)
 B - a wand of random effects (26)
 F - a wand of paralysis (20)
 I - a wand of digging (3)
 L - a wand of acid (18)
Scrolls
 m - 4 scrolls of remove curse
 n - 2 scrolls of enchant weapon
 o - a scroll of fear
 t - 5 scrolls of teleportation
 y - a scroll of blinking
 D - 3 scrolls of identify
 E - a scroll of holy word
Potions
 h - 2 potions of degeneration
 j - 4 potions of haste
 k - 6 potions of flight
 p - 3 potions of mutation
 q - 4 potions of berserk rage
 u - 3 potions of heal wounds
 C - 4 potions of curing
 G - 2 potions of lignification
 H - 2 potions of ambrosia
 M - a potion of agility
 N - 3 potions of might
 O - a potion of resistance
 S - a potion of invisibility
Books
 g - a manual of Shields
Comestibles
 f - 18 rations


   Skills:
 + Level 4.3 Fighting
   Level 7.4 Maces & Flails
 - Level 14.6 Polearms
 + Level 4.3 Armour
 - Level 15.0 Shields
 - Level 7.0 Invocations
 - Level 10.0 Evocations


You had 11 spell levels left.
You didn't know any spells.
Your spell library contained the following spells:

 Spells                   Type           Power        Failure   Level  Hunger
 Corona                   Hex            #......      100%        1    ##.....
 Blink                    Tloc           N/A          100%        2    ###....
 Ensorcelled Hibernation  Hex/Ice        #.....       100%        2    ###....
 Shroud of Golubria       Chrm/Tloc      #.....       100%        2    ###....
 Confuse                  Hex            #.......     100%        3    ####...
 Dazzling Spray           Conj/Hex       #.....       100%        3    ####...
 Gell's Gravitas          Tloc           #.........   100%        3    ####...
 Lesser Beckoning         Tloc           #.........   100%        3    ####...
 Teleport Other           Tloc           #.......     100%        3    ####...
 Tukima's Dance           Hex            #.......     100%        3    ####...
 Passage of Golubria      Tloc           N/A          100%        4    #####..


Dungeon Overview and Level Annotations

Branches:
Dungeon (10/15)            Temple (1/1) D:5            Lair (4/6) D:8
 Shoals (0/4) Lair:4        Snake (0/4) Lair:4        Sewer (visited)
  IceCv (1/1)             Volcano (visited)
    Orc: D:9-12

Altars:
Ashenzari
Cheibriados
Dithmenos
Elyvilon
Fedhas
Gozag
Hepliaklqana
Kikubaaqudgha
Makhleb
Nemelex Xobeh
Okawaru
Qazlal
Ru
Sif Muna
Trog
Uskayaw
Vehumet
Wu Jian
Xom
Yredelemnul
Zin
The Shining One

Shops:
D:9 [

Annotations:
D:9 1 runed translucent door IceCv exclusion: ice statue


Innate Abilities, Weirdness & Mutations

You reflexively headbutt those who attack you in melee.
You have a pair of horns on your head.


Message History

You are engulfed in freezing vapours.
* * * LOW HITPOINT WARNING * * *
You block the ice beast's attack.
The ice beast hits you but does no damage.
Attack whom?
Press: ? - help, Dir - move target cursor, f/p - ice statue
Aim: an ice statue (freezing vapour, moderately damaged)
You reach to attack!
You hit the ice statue.
The ice statue is moderately damaged.
You block the ice beast's attack.
Unknown command.
Attack whom?
Press: ? - help, Dir - move target cursor, f/p - ice statue
Aim: an ice statue (freezing vapour, moderately damaged)
You reach to attack!
You puncture the ice statue!
The ice statue is heavily damaged.
The ice beast hits you but does no damage.
The ice statue gestures at you. The bolt of cold hits you!!
You die...

##..###...##
#...###.###
##..#####.##
##..###...#
##......##
#....#.§#
##.###.○#
######☼#
##@##☼○#
#Y°Y☼°##
#.°8.°.##
#..#.°####
#. #.# # ##


You could see an ice statue and 2 ice beasts.

Vanquished Creatures
  Erolcha (D:10)
  A hydra (Lair:3)
  2 two-headed ogres
  5 death yaks (D:8)
  The ghost of Matador8 the Cudgeler, a novice NaWr of Nemelex Xobeh (D:6)
  An oklob plant (Lair:3)
  A merfolk siren (Lair:4)
  5 elephants
  A spiny frog (Lair:3)
  A gargoyle (Volcano)
  An efreet (Volcano)
  4 komodo dragons
  2 ice devils (Lair:4)
  Grinder (Sewer)
  3 polar bears (IceCv)
  4 blink frogs (Lair:4)
  6 hippogriffs
  A dream sheep (Lair:1)
  2 wyverns
  Sigmund (D:3)
  6 yaks
  2 fire elementals (Volcano)
  2 spriggans (Lair:1)
  2 basilisks (Lair:3)
  3 porcupines
  4 water moccasins
  5 phantoms
  2 orc warriors
  3 ice beasts
  A hornet zombie (D:9)
  A necrophage (D:10)
  3 wolves (IceCv)
  2 centaurs
  5 ogres
  9 crocodiles
  A big kobold (Sewer)
  8 bullfrogs
  Blork the orc (D:4)
  3 gnoll sergeants
  3 scorpions
  4 killer bees (D:9)
  9 wights
  3 howler monkeys
  2 crimson imps (D:7)
  A quasit (D:9)
  6 orc priests
  10 orc wizards
  2 jellies
  2 bullfrog skeletons
  3 centaur skeletons
  2 gnoll shamans
  2 iguanas
  12 worker ants
  3 big kobold zombies (Sewer)
  A howler monkey zombie (D:10)
  13 gnolls
  9 adders
  A howler monkey skeleton (D:7)
  4 shadow imps
  An ufetubus (Sewer)
  2 oozes
  An adder skeleton (D:4)
  5 worms
  2 dart slugs
  4 leopard geckos
  25 orcs
  3 ball pythons
  9 giant cockroaches
  3 hobgoblins
  11 jackals
  6 quokkas
  7 bats
  7 frilled lizards
  8 goblins
  21 kobolds
  A kobold zombie (Sewer)
  A leopard gecko skeleton (D:4)
  2 rats
  3 plants
321 creatures vanquished.

Vanquished Creatures (others)
  A black bear (D:9)
  A hound (D:9)
  A plant (Lair:1)
3 creatures vanquished.

Grand Total: 324 creatures vanquished

Notes
Turn   | Place    | Note
-------+----------+-------------------------------------------
     0 | D:1      | lilbarb the Minotaur Fighter began the quest for the Orb.
     0 | D:1      | Reached XP level 1. HP: 19/19 MP: 0/0
   272 | D:1      | Reached XP level 2. HP: 26/26 MP: 1/1
  1186 | D:3      | Reached XP level 3. HP: 26/31 MP: 2/2
  1363 | D:3      | Reached skill level 5 in Maces & Flails
  1363 | D:3      | Reached XP level 4. HP: 39/39 MP: 3/3
  1682 | D:3      | Noticed Sigmund
  1780 | D:3      | Killed Sigmund
  1780 | D:3      | Reached XP level 5. HP: 12/45 MP: 4/4
  2071 | D:3      | Reached skill level 1 in Polearms
  2286 | D:4      | Reached XP level 6. HP: 51/51 MP: 5/5
  2303 | D:4      | Found a shadowy altar of Dithmenos.
  2398 | D:4      | Found a glowing drain.
  2437 | Sewer    | Entered a sewer
  2610 | Sewer    | Found an ancient bone altar of Kikubaaqudgha.
  2618 | Sewer    | Noticed Grinder
  2630 | Sewer    | Killed Grinder
  2630 | Sewer    | Reached XP level 7. HP: 29/57 MP: 6/6
  3195 | D:4      | Found the +0 staff of Battle
  3201 | D:4      | Reached XP level 8. HP: 63/64 MP: 7/7
  3202 | D:4      | Noticed Blork the orc
  3209 | D:4      | Killed Blork the orc
  3485 | D:5      | Entered Level 5 of the Dungeon
  3813 | D:5      | Found a staircase to the Ecumenical Temple.
  3860 | Temple   | Entered the Ecumenical Temple
  3984 | Temple   | Became a worshipper of Warmaster Okawaru
  4027 | D:5      | Got a slimy pewter amulet
  4134 | D:5      | Reached skill level 1 in Invocations
  4545 | D:5      | Identified the amulet of Noon {Spirit MR+ Int-3 Slay+5}
                  | (You found it on level 5 of the Dungeon)
  4624 | D:6      | Found a transporter.
  4638 | D:6      | Identified the +1 ring mail "Hoomn" {rC- Dex+5}
  4648 | D:6      | Reached skill level 10 in Polearms
  4653 | D:6      | HP: 2/96 [gnoll sergeant/+2 trident of electrocution (4)]
  4795 | D:6      | Found a transporter.
  4822 | D:6      | Noticed Matador8's ghost (novice NaWr)
  4836 | D:6      | Killed Matador8's ghost
  4836 | D:6      | Reached * piety under Okawaru
  4836 | D:6      | Reached skill level 5 in Invocations
  4836 | D:6      | Reached XP level 9. HP: 36/70 MP: 5/12
  6410 | D:7      | Reached skill level 4 in Shields
  6510 | D:7      | Reached skill level 5 in Shields
  6609 | D:7      | Reached ** piety under Okawaru
  6609 | D:7      | Reached skill level 6 in Shields
  6776 | D:7      | Reached skill level 7 in Shields
  7287 | D:8      | Noticed a two-headed ogre
  7295 | D:8      | Killed a two-headed ogre
  7295 | D:8      | Reached skill level 9 in Shields
  7295 | D:8      | Reached XP level 10. HP: 64/77 MP: 12/14
  7434 | D:8      | Reached *** piety under Okawaru
  7772 | D:8      | Noticed a death yak
  7784 | D:8      | Noticed a death yak
  7786 | D:8      | Noticed a death yak
  7786 | D:8      | Noticed a death yak
  7788 | D:8      | Noticed a death yak
  7790 | D:8      | Killed a death yak
  7790 | D:8      | Reached skill level 10 in Shields
  7797 | D:8      | Killed a death yak
  7797 | D:8      | Reached skill level 11 in Shields
  7801 | D:8      | Killed a death yak
  7801 | D:8      | Reached skill level 12 in Shields
  7804 | D:8      | Killed a death yak
  7804 | D:8      | Reached **** piety under Okawaru
  7814 | D:8      | Killed a death yak
  7814 | D:8      | Reached skill level 13 in Shields
  7923 | D:8      | Reached XP level 11. HP: 60/82 MP: 15/15
  7935 | D:8      | Found a staircase to the Lair.
  7990 | D:8      | Found an opulent altar of Gozag.
  7994 | D:8      | Found a bloodstained altar of Trog.
  7994 | D:8      | Found a burning altar of Makhleb.
  7994 | D:8      | Found a blossoming altar of Fedhas.
  8001 | D:8      | Found a sparkling altar of Nemelex Xobeh.
  8001 | D:8      | Found a hazy altar of Hepliaklqana.
  8513 | D:9      | Found Taexekoe's Armour Boutique.
  8657 | D:9      | Noticed a two-headed ogre
  8664 | D:9      | Killed a two-headed ogre
  8664 | D:9      | Received a gift from Okawaru
  8695 | D:9      | Reached skill level 14 in Shields
  9052 | D:9      | Found a runed translucent door.
  9052 | D:9      | Noticed a sixfirhy
  9327 | D:10     | Entered Level 10 of the Dungeon
  9421 | D:10     | Noticed Erolcha
  9430 | D:10     | Killed Erolcha
  9683 | D:10     | Reached ***** piety under Okawaru
  9736 | D:10     | Reached skill level 15 in Shields
  9857 | D:10     | Reached skill level 1 in Evocations
 10025 | Lair:1   | Entered Level 1 of the Lair of Beasts
 10119 | Lair:1   | Found a dark tunnel.
 10122 | Lair:1   | Received a gift from Okawaru
 10134 | Volcano  | Entered a volcano
 10441 | Lair:1   | Reached skill level 5 in Evocations
 10636 | Lair:1   | Received a gift from Okawaru
 11067 | Lair:2   | Reached XP level 12. HP: 84/90 MP: 13/16
 11130 | Lair:2   | Got a faintly glowing pewter ring
 11131 | Lair:2   | Identified the ring of Owomodan {rPois MP+9} (You found it
                  | on level 2 of the Lair of Beasts)
 12058 | Lair:3   | Received a gift from Okawaru
 12180 | Lair:3   | Noticed a five-headed hydra
 12189 | Lair:3   | Killed a five-headed hydra
 12647 | Lair:4   | Found a staircase to the Shoals.
 12761 | Lair:4   | Found a frozen archway.
 12770 | Lair:4   | Reached skill level 10 in Evocations
 12776 | IceCv    | Entered an ice cave
 12870 | IceCv    | HP: 1/92 [ice statue] (12)]
 12875 | IceCv    | Killed from afar by an ice statue

Levels and vault maps discovered:
D:1:      scummos_arrival_checkerplants, layout_basic, nrook_uturn,
          minmay_misc_feat_diagonals, hangedman_decor_push
D:2:      layout_rooms, minivault_25
D:3:      layout_basic, first_ration, uniq_sigmund
D:4:      layout_rooms, gup_sewer_entry_glass, nicolae_dithmenos_the_darkroom,
          uniq_blork_the_orc
D:5:      layout_gridville, minmay_temple_entry_wispy
D:6:      layout_cave_pods, gammafunk_ghost_gnarly_gnolls
D:7:      layout_loops_corners
D:8:      layout_basic, grunt_temple_overflow_open, dpeg_lair_monsters,
          grunt_ogre_cave, st_stairs_12, kennysheep_pointless_box
D:9:      cheibrodos_shockbox, layout_stronghold, serial_shops,
          nicolae_shop_waterfront, nicolae_wwwww, lemuel_flamethrower_2
D:10:     layout_cave_pools, uniq_erolcha
Temple:   eino_temple_rhombus
Lair:1:   wad_woods_tower, layout_hall_layers, nicolae_volcano_entry_lava_flow,
          chequers_serial_rivers_micro_a, minivault_11
Lair:2:   layout_chaotic_city
Lair:3:   layout_regular_city, st_stairs_9, minmay_lair_oklob_items
Lair:4:   layout_layer_cave, minmay_shoals_entry_lonely_mermaid,
          minmay_snake_entry_six_corridors, portal_ice_cave_demonic_guard,
          lemuel_fruit_tree
IceCv:    ice_cave_caverns_02

Skill      XL: |  1  2  3  4  5  6  7  8  9 10 11 12 |
---------------+-------------------------------------+-----
Maces & Flails | 3 4 5 7 |  7.4
Polearms       | 1 6 8 10 12 13 14 | 14.6
Invocations    | 5 7 |  7.0
Shields        | 9 13 15 | 15.0
Evocations     | 6 10 | 10.0
Fighting       | 4 |  4.3
Armour         | 4 |  4.3

Action                   |  1- 3 |  4- 6 |  7- 9 | 10-12 || total
-------------------------+-------+-------+-------+-------++-------
Melee: Flail             |    70 |    16 |       |       ||    86
       Headbutt          |     5 |     9 |    23 |    84 ||   121
       Scythe            |       |    77 |   117 |       ||   194
       Trident           |       |       |   115 |   450 ||   565
Throw: Stone             |    30 |    10 |       |       ||    40
       Dart              |       |       |    13 |     7 ||    20
Invok: Heroism           |       |       |     1 |     4 ||     5
Evoke: Wand              |       |       |     1 |       ||     1
  Use: Scroll            |     6 |     4 |    12 |     8 ||    30
       Potion            |       |     6 |     9 |     3 ||    18
  Eat: Chunk             |     1 |     1 |     5 |     2 ||     9
       Ration            |       |     1 |     3 |     5 ||     9
Armor: Scale mail        |    23 |    76 |    59 |    19 ||   177
       Skin              |       |       |     3 |    13 ||    16
       Plate armour      |       |       |       |    34 ||    34
Dodge: Dodged            |    22 |   100 |    87 |    27 ||   236
       Deflected         |       |       |       |     1 ||     1
Block: Shield            |    30 |     7 |    28 |   128 ||   193
